 Dungeon Crawl Stone Soup version 0.28.0-53-g5a82cb258f (webtiles) character file.

Game seed: 14860386390948511097

13 eooof the Ruffian (level 2, -1/24 HPs)
             Began as a Vine Stalker Berserker on May 23, 2022.
             Was a Follower of Trog.
             Succumbed to an adder's poison
             ... on level 2 of the Dungeon.
             The game lasted 00:05:53 (478 turns).

eooof the Ruffian (Vine Stalker Berserker)           Turns: 478, Time: 00:05:54

Health: -1/24      AC:  2    Str: 19    XL:     2   Next: 37%
Magic:  0/3        EV: 12    Int:  7    God:    Trog [*.....]
Gold:   36         SH:  0    Dex: 13    Spells: 1/1 levels left

rFire   . . .      SeeInvis .     - Unarmed
rCold   . . .      Faith    .   (no shield)
rNeg    . . .      Spirit   +   a - +0 animal skin
rPois   .          Reflect  .   (no helmet)
rElec   .          Harm     .   (no cloak)
rCorr   .          Rampage  .   (no gloves)
Will    .....                   (no boots)
Stlth   ..........              (no amulet)
HPRegen 0.08/turn               (no ring)
MPRegen 0.08/turn               (no ring)

@: berserking, lethally poisoned (-1 -> -14), very quick
A: fangs 2, magic shield, antimagic bite, no potion heal 2
a: Renounce Religion, Berserk


You were on level 2 of the Dungeon.
You worshipped Trog.
Trog was aware of your devotion.
You visited 1 branch of the dungeon, and saw 2 of its levels.

You collected 36 gold pieces.

Inventory:

Hand Weapons
 c - a +0 short sword
Armour
 a - a +0 animal skin (worn)
Scrolls
 b - a scroll of blinking {unknown}


   Skills:
 + Level 3.0 Fighting
 - Level 1.6 Armour
 - Level 1.6 Dodging
 * Level 3.3 Unarmed Combat


You had one spell level left.
You didn't know any spells.
Your spell library was empty.

Dungeon Overview and Level Annotations

Branches:
Dungeon (2/15)

Altars:


Innate Abilities, Weirdness & Mutations

You have extremely sharp teeth.
When hurt, damage is shared between your health and your magic reserves.
Your bite disrupts and absorbs the magic of your enemies.
Potions cannot restore your health.


Message History

You hit the adder.
The adder is lightly wounded.
You feel sick. The adder bites you.
You hit the adder. You punch the adder. Your bite misses the adder.
The adder is heavily wounded.
You feel sick. The adder closely misses you.
You barely miss the adder.
The adder is heavily wounded.
You feel sick. The adder closely misses you. The adder misses you.
You hit the adder but do no damage.
The adder is heavily wounded.
The adder bites you.
You are more poisoned.
The adder poisons you!
You hit the adder but do no damage. Your punch misses the adder.
The adder is heavily wounded.
You feel sick. The adder closely misses you.
You miss the adder. Your bite misses the adder.
The adder is heavily wounded.
* * * LOW HITPOINT WARNING * * *
You feel sick. The adder bites you.
* * * LOW HITPOINT WARNING * * *
You are more poisoned.
The adder poisons you!
You barely miss the adder.
The adder is heavily wounded.
* * * LOW HITPOINT WARNING * * *
You feel sick. The adder misses you. The adder bites you but does no damage.
Okay, then.
Unknown command.
A red film seems to cover your vision as you go berserk!
You feel yourself moving faster!
You feel mighty!
* * * LOW HITPOINT WARNING * * *
You feel sick. The adder bites you.
You are more poisoned.
The adder poisons you!
You punch the adder!
You kill the adder!
Trog accepts your kill.
You die...

.# ##.#
####...
.#...## #
.....#
#.##.#....#
#.......#.#
#@..# #.###
##'##
##...##
##.....##
##.......##
#.........#
+......<..+
#.........#


There were no monsters in sight!

Vanquished Creatures
  An adder (D:2)
  A ball python (D:1)
  2 bats (D:1)
  3 endoplasms (D:1)
  3 jackals (D:1)
  A frilled lizard (D:1)
  A kobold (D:1)
12 creatures vanquished.

Notes
Turn   | Place    | Note
-------+----------+-------------------------------------------
     0 | D:1      | eooof the Vine Stalker Berserker began the quest for the
                  | Orb.
     0 | D:1      | Reached XP level 1. HP: 11/11 MP: 2/2
   166 | D:1      | Reached XP level 2. HP: 14/16 MP: 3/3
   477 | D:2      | HP: 1/24 [poisoned by an adder]
   478 | D:2      | Succumbed to an adder's poison

Illustrated notes

Levels and vault maps discovered:
D:1:      kilobyte_arrival_exit_the_forest, layout_rooms, serial_forest,
          infiniplex_forest_lined_corner, infiniplex_forest_clump_long,
          infiniplex_forest_lined_room_2, infiniplex_forest_lined_room_2,
          infiniplex_forest_clump_curved, infiniplex_forest_lined_4_way,
          infiniplex_forest_side_room, infiniplex_forest_lined_room_,
          hangedman_abyss_or_decor_stabs, minmay_cupped
D:2:      layout_loops_corners, serial_shops, nicolae_shop_bloodbath_and_beyond,
          uniq_robin

Skill      XL: |  1  2 |
---------------+-------+-----
Fighting       | 3 |  3.0
Armour         | |  1.6
Dodging        | |  1.6
Unarmed Combat | |  3.3

Action                   || total
-------------------------++-------
Melee: Unarmed           ||    30
       Bite              ||     5
       Punch             ||     1
Invok: Berserk           ||     1
  Use: Potion            ||     2
Armor: Animal skin       ||     5
Dodge: Dodged            ||    27
